 Dungeon Crawl Stone Soup version 0.31-a0-161-gb58dd9be76 (webtiles) character file.

Game seed: 9278833912475668550

315519 Dittersdorf the Slayer (level 21, -8/153 HPs)
             Began as a Gargoyle Fighter on June 8, 2023.
             Was a High Priest of Okawaru.
             Mangled by a +1 glaive of freezing (22 damage)
             ... animated by Zenata
             ... on level 3 of the Elven Halls on June 12, 2023.
             The game lasted 01:13:33 (39510 turns).

Dittersdorf the Slayer (Gargoyle Fighter)          Turns: 39510, Time: 01:13:34

Health: -8/153     AC: 58    Str: 31    XL:     21   Next: 38%
Magic:  21/21      EV:  9    Int: 15    God:    Okawaru [*****.]
Gold:   844        SH:  0    Dex: 12    Spells: 20/20 levels left

rFire   + . .        y - +10 morningstar "Eos" {elec, Halo rElec}
rCold   + . .        c - +2 tower shield
rNeg    + . .        l - +9 scales of the Dragon King {rPois rF+ rC+ Will+}
rPois   ∞            n - +1 hat {Will+}
rElec   +            v - scarf {repulsion}
rCorr   +            A - +1 pair of gloves {Dex+3}
SInv    +            E - +2 pair of boots of Okawaru's Envy {Rampage Int+3}
Will    +++++        I - amulet "Tapniel" {Regen+ SInv} Stlth
                     H - ring of resist corrosion
HPRegen 1.25/turn    u - ring of Yhibovui {Will+++ Str+3 SInv}
MPRegen 0.17/turn

%: repel missiles, rampage
@: confused, mighty, heroic, ambrosia-drunk, flying, glowing, studying
Spellcasting
A: sickness immunity, AC +16, big wings, negative energy resistance 1,
electricity resistance, torment resistance 1, petrification resistance
}: 2/15 runes: decaying, gossamer
a: Renounce Religion, Heroism, Finesse, Duel


You were on level 3 of the Elven Halls.
You worshipped Okawaru.
Okawaru was extremely pleased with you.
You visited 7 branches of the dungeon, and saw 34 of its levels.
You also visited: Ossuary, Gauntlet and Volcano.

You collected 4148 gold pieces.
You spent 3304 gold pieces at shops.

Inventory:

Hand Weapons
 y - the +10 morningstar "Eos" (weapon) {elec, Halo rElec}
   (You acquired it on level 7 of the Dungeon)

   Halo:      It grants its wielder a halo, revealing invisible creatures and
   increasing accuracy against all within it other than the wielder.
   rElec:     It insulates you from electricity.
 Q - a +9 eveningstar of flaming
Missiles
 t - 4 throwing nets (quivered)
Armour
 c - a +2 tower shield (worn)
 l - the +9 scales of the Dragon King (worn) {rPois rF+ rC+ Will+}
   (You bought it in a shop on level 2 of the Orcish Mines)

   rF:        It protects you from fire.
   rC:        It protects you from cold.
   rPois:     It protects you from poison.
   Will:      It increases your willpower.
 n - a +1 hat of willpower (worn)
 v - a scarf of repulsion (worn)
 A - a +1 pair of gloves of dexterity (worn)
 E - the +2 pair of boots of Okawaru's Envy (worn) {Rampage Int+3}
   (Okawaru gifted it to you on level 11 of the Dungeon)

   Int:       It affects your intelligence (+3).
   Rampage:   It bestows one free step when moving towards enemies.
Magical Staves
 N - the staff of earth "Leunax" {rCorr Str-2 Dex+3 Stlth+}
   (You found it on level 3 of the Spider Nest)

   [staff of earth]

   Base accuracy: +5 Base damage: 5 Base attack delay: 1.2 This weapon's minimum
   attack delay (0.6) is reached at skill level 12.
   Str:       It affects your strength (-2).
   Dex:       It affects your dexterity (+3).
   rCorr:     It protects you from acid and corrosion.
   Stlth:     It makes you more stealthy.
   It falls into the 'Staves' category.
   It is a one-handed weapon.
Jewellery
 b - the ring of False Pretenses {Fire Str+3 Dex+2}
   (You found it on level 9 of the Dungeon)

   [ring of fire]

   It enhances your fire magic.
   Str:       It affects your strength (+3).
   Dex:       It affects your dexterity (+2).
   rF:        It protects you from fire.
   rC:        It makes you vulnerable to cold.
 m - a ring of positive energy
 u - the ring of Yhibovui (right hand) {Will+++ Str+3 SInv}
   (You found it on level 3 of the Dungeon)

   [ring of see invisible]

   Str:       It affects your strength (+3).
   SInv:      It lets you see invisible.
   Will:      It greatly increases your willpower.
 w - a ring of ice
 C - a ring of fire
 H - a ring of resist corrosion (left hand)
 I - the amulet "Tapniel" (around neck) {Regen+ SInv}
   (You found it in a Gauntlet)

   [amulet of regeneration]

   SInv:      It lets you see invisible.
   Regen:     It increases your rate of health regeneration.
Wands
 s - a wand of iceblast (16)
 D - a wand of quicksilver (25)
 P - a wand of digging (12)
Scrolls
 e - 9 scrolls of enchant armour
 o - 18 scrolls of teleportation
 q - 4 scrolls of blinking
 x - 11 scrolls of revelation
 B - 2 scrolls of silence
 F - a scroll of fear
 L - 5 scrolls of fog
 O - a scroll of poison
Potions
 a - 3 potions of cancellation
 d - 5 potions of might
 f - 6 potions of mutation
 g - 8 potions of curing
 h - 4 potions of attraction
 i - 7 potions of enlightenment
 k - 6 potions of heal wounds
 p - 2 potions of brilliance
 r - 4 potions of berserk rage
 z - 7 potions of resistance
 G - a potion of magic
 J - a potion of invisibility
 K - 9 potions of ambrosia
 M - 5 potions of haste


   Skills:
 + Level 23.3(27) Fighting
 + Level 18.2(23.2) Maces & Flails
 + Level 19.7(24.7) Armour
 + Level 19.8(24.8) Shields


You had 20 spell levels left.
You didn't know any spells.
Your spell library contained the following spells:

 Spells                   Type           Power      Damage    Failure   Level
 Beastly Appendage        Tmut           0%         N/A       88%         1
 Kiss of Death            Conj/Necr      0%         2d5       88%         1
 Shock                    Conj/Air       0%         1d3       88%         1
 Wereblood                Tmut           0%         N/A       96%         2
 Confusing Touch          Hex            0%         N/A       99%         3
 Ignite Poison            Fire/Tmut/Pois 0%         N/A       99%         3
 Inner Flame              Hex/Fire       0%         N/A       99%         3
 Ozocubu's Armour         Ice            0%         N/A       99%         3
 Portal Projectile        Hex/Tloc       0%         N/A       99%         3
 Spider Form              Tmut/Pois      0%         N/A       99%         3
 Stone Arrow              Conj/Erth      0%         3d7       99%         3
 Swiftness                Air            0%         N/A       99%         3
 Airstrike                Air            0%         2d(0-16)  100%        4
 Cause Fear               Hex            0%         N/A       100%        4
 Dispel Undead            Necr           0%         3d6       100%        4
 Sticky Flame             Conj/Fire      0%         2d3       100%        4
 Blade Hands              Tmut           0%         N/A       100%        5
 Iskenderun's Battlesphe  Conj           0%         2d6       100%        5
 Yara's Violent Unravell  Hex/Tmut       0%         3d3       100%        5
 Eringya's Noxious Bog    Tmut/Pois      0%         N/A       100%        6
 Leda's Unmaking          Conj/Erth      0%         9d1       100%        6
 Dragon Form              Tmut           0%         N/A       100%        7
 Enfeeble                 Hex            0%         N/A       100%        7
 Ozocubu's Refrigeration  Ice            0%         4d7       100%        7
 Ignition                 Fire           0%         3d3       100%        8
 Lehudib's Crystal Spear  Conj/Erth      0%         10d2      100%        8
 Tukima's Dance           Hex            Unusable   N/A       N/A         3
 Animate Armour           Summ/Erth      Unusable   N/A       N/A         4
 Summon Lightning Spire   Summ/Air       Unusable   N/A       N/A         4
 Statue Form              Tmut/Erth      Unusable   N/A       N/A         6
 Spellforged Servitor     Conj/Summ      Unusable   N/A       N/A         7
 Dragon's Call            Summ           Unusable   N/A       N/A         9

Dungeon Overview and Level Annotations

Branches:
Dungeon (15/15)            Temple (1/1) D:6            Lair (5/5) D:11
  Swamp (4/4) Lair:2       Spider (4/4) Lair:3        Slime (0/5) Lair:5
    Orc (2/2) D:9             Elf (3/3) Orc:2        Vaults (0/5) D:14
 Depths (0/4) D:15        Ossuary (visited)         Volcano (visited)
Gauntlet (visited)

Altars:
Ashenzari
Cheibriados
Dithmenos
Elyvilon
Fedhas
Gozag
Hepliaklqana
Kikubaaqudgha
Makhleb
Nemelex Xobeh
Okawaru
Qazlal
Ru
Sif Muna
Trog
Uskayaw
Vehumet
Wu Jian
Xom
Yredelemnul
Zin
The Shining One

Shops:
D:4 [   D:10 !   Orc:2 =(!*[   Elf:2 =:=[

Annotations:
Elf:3 Zenata


Innate Abilities, Weirdness & Mutations

You are immune to sickness and miasma.
Your stone body is resilient. (AC +16)
You are immune to poison.
Your large and strong wings let you fly.
You resist negative energy. (rN+)
You are resistant to electric shocks. (rElec)
You are resistant to unholy torment.
You are immune to petrification.


Message History

The +1 glaive of freezing hits you but does no damage.
You block the +2 trident of flaming's attack.
Zenata hits you but does no damage.
The +0 war axe of electrocution hits you but does no damage.
The deep elf zephyrmancer casts a spell.
The deep elf zephyrmancer blinks!
You block the +1 glaive of freezing's attack.
You feel very mighty all of a sudden.
The +2 trident of flaming hits you from afar!
* * * LOW HITPOINT WARNING * * *
The +2 trident of flaming burns you.
* * * LOW HITPOINT WARNING * * *
You block the +0 war axe of electrocution's attack.
You block the +2 trident of flaming's attack.
The +1 glaive of freezing hits you but does no damage.
You block the +0 war axe of electrocution's attack.
You block Zenata's attack.
The deep elf zephyrmancer gestures wildly while chanting.
The deep elf zephyrmancer blinks!
You block the +2 trident of flaming's attack.
You block the +1 glaive of freezing's attack.
You are confused.
You feel invigorated.
The +0 war axe of electrocution hits you but does no damage.
The +2 trident of flaming closely misses you.
The +1 glaive of freezing hits you but does no damage.
The +0 war axe of electrocution hits you.
* * * LOW HITPOINT WARNING * * *
Zenata hits you but does no damage.
The +2 trident of flaming hits you but does no damage.
The deep elf zephyrmancer mumbles some strange words.
The deep elf zephyrmancer blinks!
You sock Zenata!
Zenata is almost dead.
The +2 trident of flaming hits you from afar!
* * * LOW HITPOINT WARNING * * *
The +2 trident of flaming burns you.
* * * LOW HITPOINT WARNING * * *
The +1 glaive of freezing hits you from afar!!
You die... ..... ##.... ... #.#.## ee.

#..... #e# ###.#. #e#
###... #.# #..... #.#
##... #.### ###.
#.#@###### #. ### ###
####)a(#.#..###### #<
#.###.#
#...(((()))).....# #.
###.#.###
#......).).......# #.
#.......#
#e......#)....##.#####.
#.##.##.#
#e......###.#.##.......
#.#...#.#
#.........#.#..........
#.......#
#§.....3#.#.#.##......#
#.#...#.#
#.......#.#......###.##


You could see Zenata, a deep elf demonologist (fleeing), a deep elf zephyrmancer
(fleeing), a smoke demon (summoned, fleeing) and 5 dancing weapons.

Vanquished Creatures
  Bai Suzhen (Swamp:4)
  A bone dragon (Swamp:4)
  A deep elf blademaster (Elf:3)
  2 deep elf master archers (Elf:3)
  Mlioglotl (Swamp:1)
  A storm dragon (Elf:1)
  Louise (Elf:3)
  5 emperor scorpions (Spider:4)
  3 deep elf sorcerers
  A deep elf elementalist (Elf:3)
  An iron dragon (Elf:1)
  An orc warlord (Orc:2)
  6 ghost moths (Spider:4)
  Aizul (Swamp:1)
  4 broodmothers
  3 eleionomae (Swamp:3)
  6 bunyips
  3 dire elephants
  2 deep elf annihilators (Elf:3)
  3 deep elf demonologists (Elf:3)
  A minotaur (Gauntlet)
  5 spark wasps
  6 deep elf death magi
  A fire dragon (Volcano)
  3 deep elf high priests
  An entropy weaver (Spider:4)
  13 hydras
  Fannar (Lair:2)
  2 ice dragons (Elf:1)
  4 radroaches
  4 vault guards (D:14)
  2 catoblepae
  3 ghost crabs
  Erica (Lair:1)
  A jorogumo (Spider:3)
  The ghost of 13Fox the Cleaver, a novice MiGl of Ru (D:9)
  6 centaur warriors
  6 alligators
  6 two-headed ogres
  2 boulder beetles
  29 dancing weapons
  5 demonic crawlers
  2 tengu warriors
  A vampire mage (D:15)
  8 death yaks
  17 deep elf knights
  5 orc high priests
  A titan skeleton (D:15)
  A skeletal warrior (D:15)
  Nergalle (D:12)
  2 skysharks
  A spectral death yak (Lair:5)
  7 pharaoh ants
  A fire crab (Gauntlet)
  A spectral anaconda (Lair:5)
  3 goliath frogs
  6 swamp dragons
  10 spriggan druids
  A golden dragon skeleton (D:15)
  10 deep elf archers
  An obsidian statue (Lair:5)
  3 bog bodies (Swamp:4)
  10 orb spiders
  2 spectral hydras (Swamp:4)
  5 necromancers
  5 lindwurms (Volcano)
  2 phantasmal warriors (Swamp:4)
  21 deep elf zephyrmancers
  5 orc knights
  25 deep elf pyromancers
  4 steelbarb worms
  24 wolf spiders
  5 ugly things
  2 oklob plants (Lair:4)
  A stone giant zombie (D:15)
  3 will-o-the-wisps
  2 manticores
  4 cyclopes
  4 orc sorcerers
  2 moths of wrath
  16 elephants
  A rust devil (Gauntlet)
  5 black mambas
  A black mamba (shapeshifter) (Elf:3)
  A smoke demon (Volcano)
  A cane toad (shapeshifter) (Elf:1)
  A torpor snail (Lair:4)
  2 gargoyles
  Maggie (Lair:2)
  10 komodo dragons
  16 cane toads
  An unseen horror (D:13)
  3 rime drakes
  4 swamp worm zombies (Swamp:4)
  A yaktaur (shapeshifter) (D:15)
  A rime drake (shapeshifter) (D:15)
  A spriggan zombie (D:15)
  2 tengu conjurers
  A freezing wraith (D:15)
  A guardian mummy (D:15)
  2 hydra zombies (Swamp:4)
  3 meliai (Spider:2)
  6 trolls
  10 hornets
  16 tyrant leeches
  3 polar bears
  21 blink frogs
  2 spectral elephants (Lair:5)
  21 tarantellas
  4 spectral swamp dragons (Swamp:4)
  3 alligator zombies (Swamp:4)
  16 slime creatures
  7 spriggans
  A ynoxinul (Gauntlet)
  4 air elementals
  34 jumping spiders
  13 culicivoras
  3 wyverns
  3 water elementals
  3 wraiths
  2 vampires
  7 humans (D:14)
  6 fire bats
  4 fire elementals
  71 yaks
  A death yak simulacrum (Lair:5)
  11 steam dragons
  36 redbacks
  23 vampire mosquitoes
  3 basilisks
  11 wargs
  16 swamp worms
  An acid dragon (D:8)
  16 water moccasins
  5 hell hounds
  A swamp drake (Lair:4)
  17 ice beasts
  34 orc warriors
  A black bear (Lair:2)
  2 sky beasts (D:7)
  5 swamp dragon zombies (Swamp:4)
  7 ogres
  An elephant skeleton (Lair:5)
  18 wolves
  A centaur (shapeshifter) (Elf:3)
  19 centaurs
  6 phantoms
  16 bullfrogs
  5 kobold brigands
  2 elf zombies (Ossuary)
  2 earth elementals (Elf:2)
  A gnoll sergeant (D:10)
  5 scorpions
  3 cane toad simulacra (Lair:5)
  5 wights (D:7)
  2 elephant simulacra (Lair:5)
  15 killer bees
  6 howler monkeys
  An electric eel (Spider:2)
  4 centaur zombies (Ossuary)
  A jelly (D:7)
  3 hounds
  3 iron imps (Gauntlet)
  14 orc priests
  3 gnoll boudas
  2 iguanas (D:7)
  2 sleepcaps
  27 orc wizards
  A spectral swamp drake (Swamp:4)
  A centaur simulacrum (D:9)
  2 mummies (Ossuary)
  23 gnolls
  A swamp drake zombie (Swamp:4)
  14 adders
  2 shadow imps (D:7)
  7 white imps
  An ufetubus (D:4)
  A worm (D:4)
  4 dart slugs
  96 orcs
  12 endoplasms
  6 giant cockroaches
  10 goblins
  3 hobgoblins
  8 jackals (D:2)
  15 kobolds
  A quokka (D:5)
  9 ball pythons
  5 bats
  5 frilled lizards
  A goblin zombie (Ossuary)
  10 hobgoblin zombies (Ossuary)
  A jackal zombie (Ossuary)
  11 kobold zombies (Ossuary)
  6 orc zombies (Ossuary)
  4 rats
  A rat zombie (Ossuary)
  A butterfly (Lair:2)
1312 creatures vanquished.

Vanquished Creatures (others)
  A vault guard (D:14)
  A bog body (Swamp:4)
  A smoke demon (Volcano)
  6 bloated husks (Swamp:4)
  An alligator zombie (Swamp:4)
  A water elemental (Elf:2)
  A shadow imp (D:7)
  3 orcs (Elf:1)
  8 foxfires
23 creatures vanquished.

Grand Total: 1335 creatures vanquished

Notes
Turn   | Place    | Note
-------+----------+-------------------------------------------
     0 | D:1      | Dittersdorf the Gargoyle Fighter began the quest for the
                  | Orb.
     0 | D:1      | Reached XP level 1. HP: 14/14 MP: 1/1
   235 | D:1      | Reached XP level 2. HP: 17/19 MP: 2/2
   833 | D:1      | Reached XP level 3. HP: 19/23 MP: 3/3
  1226 | D:2      | Reached XP level 4. HP: 26/29 MP: 4/4
  1344 | D:2      | Reached skill level 4 in Fighting
  1963 | D:3      | Reached XP level 5. HP: 33/33 MP: 5/5
  2232 | D:3      | Found a glowing golden altar of the Shining One.
  2408 | D:3      | Identified the ring of Yhibovui {Will+++ Str+3 SInv}
  2453 | D:3      | Noticed a centaur
  2470 | D:3      | Killed a centaur
  2514 | D:3      | Found a faded altar of an unknown god.
  2526 | D:3      | Reached XP level 6. HP: 33/39 MP: 6/6
  2869 | D:4      | Found a shimmering altar of Xom.
  2882 | D:4      | Found an ancient bone altar of Kikubaaqudgha.
  2883 | D:4      | Found a stormy altar of Qazlal.
  2884 | D:4      | Found a glowing silver altar of Zin.
  2886 | D:4      | Found a snail-covered altar of Cheibriados.
  3153 | D:4      | Found Vihoirok's Armour Emporium.
  3238 | D:5      | Entered Level 5 of the Dungeon
  3250 | D:5      | Reached skill level 5 in Armour
  3250 | D:5      | Reached skill level 5 in Shields
  3335 | D:4      | Reached skill level 5 in Fighting
  3335 | D:4      | Reached XP level 7. HP: 31/44 MP: 7/7
  4128 | D:5      | Identified a scroll of acquirement
  4128 | D:5      | Acquired a +3 demon whip of venom
  4681 | D:5      | Noticed a wraith
  4694 | D:5      | Killed a wraith
  4695 | D:5      | Reached XP level 8. HP: 47/51 MP: 8/8
  4814 | D:5      | Found a blossoming altar of Fedhas.
  4956 | D:5      | Identified the +9 spear of Havoc {pain, Str+5 Dex-3}
  4965 | D:5      | Reached skill level 6 in Fighting
  5003 | D:5      | Identified the +7 mace of Sloth {heavy, rElec rC- SInv}
  5006 | D:5      | Reached skill level 5 in Maces & Flails
  5450 | D:6      | Found a staircase to the Ecumenical Temple.
  5459 | Temple   | Entered the Ecumenical Temple
  5489 | Temple   | Became a worshipper of Warmaster Okawaru
  5819 | D:6      | Reached XP level 9. HP: 35/56 MP: 9/9
  5832 | D:6      | Reached * piety under Okawaru
  6071 | D:6      | Reached skill level 7 in Fighting
  6236 | D:7      | Noticed a red ugly thing
  6256 | D:7      | Killed a red ugly thing
  6256 | D:7      | Reached ** piety under Okawaru
  6288 | D:7      | Reached skill level 8 in Fighting
  6344 | D:7      | Reached *** piety under Okawaru
  6345 | D:7      | Reached XP level 10. HP: 14/64 MP: 10/10
  6530 | D:7      | Found a sand-covered staircase.
  6547 | Ossuary  | Entered an ossuary
  6866 | D:7      | Acquired 736 gold pieces
  6868 | D:7      | Acquired the +10 morningstar "Eos" {elec, Halo rElec}
  6868 | D:7      | Found the +10 morningstar "Eos" {elec, Halo rElec}
  6977 | D:7      | Reached **** piety under Okawaru
  6992 | D:7      | You fall into a shaft and drop 1 floor!
  7134 | D:7      | Found an ornate altar of the Wu Jian Council.
  7163 | D:7      | Found a bloodstained altar of Trog.
  7327 | D:7      | Reached skill level 9 in Fighting
  7694 | D:8      | Reached ***** piety under Okawaru
  7813 | D:8      | Found a broken altar of Ashenzari.
  8002 | D:8      | Reached XP level 11. HP: 71/71 MP: 11/11
  8374 | D:8      | Found a basalt altar of Yredelemnul.
  8566 | D:9      | Reached skill level 10 in Armour
  8593 | D:9      | Found a radiant altar of Vehumet.
  8665 | D:9      | Reached skill level 10 in Shields
  8666 | D:9      | Reached skill level 10 in Fighting
  8666 | D:9      | Found a hide-covered altar of Uskayaw.
  8716 | D:9      | Noticed a two-headed ogre
  8717 | D:9      | Found a staircase to the Orcish Mines.
  8723 | D:9      | Killed a two-headed ogre
  8731 | D:9      | Received a gift from Okawaru
  8877 | D:9      | Noticed a two-headed ogre
  8882 | D:9      | Killed a two-headed ogre
  8923 | D:9      | Noticed 13Fox's ghost (novice MiGl)
  9204 | D:9      | Found a runed translucent gate.
  9204 | D:9      | Found a runed translucent gate.
  9204 | D:9      | Found a runed translucent gate.
  9204 | D:9      | Identified the +3 leather armour "Dekauqoma" {Slay+2}
  9500 | D:9      | Killed 13Fox's ghost
  9545 | D:9      | Got the ring of False Pretenses {Fire Str+3 Dex+2}
  9592 | D:10     | Entered Level 10 of the Dungeon
  9757 | D:10     | Noticed a two-headed ogre
  9766 | D:10     | Killed a two-headed ogre
  9766 | D:10     | Received a gift from Okawaru
  9767 | D:10     | Reached skill level 11 in Fighting
  9767 | D:10     | Reached XP level 12. HP: 30/80 MP: 3/12
 10184 | D:10     | Found Gytef's Distillery.
 10192 | D:10     | Bought a potion of mutation for 104 gold pieces
 10224 | D:10     | Found a sacrificial altar of Ru.
 10592 | Orc:1    | Entered Level 1 of the Orcish Mines
 10634 | Orc:1    | Reached skill level 10 in Maces & Flails
 10809 | Orc:1    | Noticed a two-headed ogre
 10817 | Orc:1    | Killed a two-headed ogre
 10829 | Orc:1    | Reached ****** piety under Okawaru
 11074 | Orc:1    | Noticed an orc high priest
 11080 | Orc:1    | Noticed a sun demon
 11220 | D:9      | Killed an orc high priest
 11452 | Orc:2    | Entered Level 2 of the Orcish Mines
 11452 | Orc:2    | Found Xuesh's Distillery.
 11482 | Orc:2    | Bought a potion of heal wounds for 80 gold pieces
 11543 | Orc:2    | Noticed an orc high priest
 11554 | Orc:2    | Killed an orc high priest
 11614 | Orc:2    | Received a gift from Okawaru
 11686 | Orc:2    | Noticed an orc high priest
 11707 | Orc:2    | Killed an orc high priest
 11708 | Orc:2    | Found a staircase to the Elven Halls.
 12102 | Orc:2    | Reached skill level 12 in Fighting
 12367 | Orc:2    | Noticed an orc high priest
 12373 | Orc:2    | Noticed a soul eater
 12374 | Orc:2    | Killed an orc high priest
 12375 | Orc:2    | Reached XP level 13. HP: 43/86 MP: 7/13
 12556 | Orc:2    | Noticed an orc warlord
 12940 | Orc:2    | Killed an orc warlord
 13605 | Orc:2    | Found Yseizell's Jewellery Emporium.
 13629 | Orc:2    | Found Safiz's Antique Weapon Boutique.
 13641 | Orc:2    | Found Axkiuj's General Store.
 13658 | Orc:2    | Found Cigas's Antique Armour Emporium.
 14008 | D:11     | Found a staircase to the Lair.
 14058 | D:11     | Identified the +2 pair of boots of Okawaru's Envy {Rampage
                  | Int+3} (Okawaru gifted it to you on level 11 of the
                  | Dungeon)
 14058 | D:11     | Received a gift from Okawaru
 14081 | D:11     | Found a gate leading to a gauntlet.
 14108 | Gauntlet | Entered a Gauntlet
 14108 | Gauntlet | Found a transporter.
 14108 | Gauntlet | Found a transporter.
 14108 | Gauntlet | Found a transporter.
 14207 | Gauntlet | Found a transporter.
 14208 | Gauntlet | Found a transporter.
 14212 | Gauntlet | Found a transporter.
 14218 | Gauntlet | Found a transporter.
 14219 | Gauntlet | Found a transporter.
 14220 | Gauntlet | Found a transporter.
 14222 | Gauntlet | Found a transporter.
 14230 | Gauntlet | Found a transporter.
 14230 | Gauntlet | Found a transporter.
 14568 | Gauntlet | Identified the amulet "Tapniel" {Regen+ SInv}
 14793 | Gauntlet | Identified the +0 hat "Dypnoik" {Fly Will+ Int-3}
 14805 | Gauntlet | Identified the +6 battleaxe "Ogreslayer" {protect, *Slow
                  | Str+5 Int+2}
 14805 | Gauntlet | Noticed a minotaur
 14813 | Gauntlet | Killed a minotaur
 14951 | Gauntlet | Got Ryduronu's Volume of Instinct
 15350 | Lair:1   | Entered Level 1 of the Lair of Beasts
 15364 | Lair:1   | Reached skill level 13 in Fighting
 15394 | Lair:1   | Noticed Erica
 15403 | Lair:1   | Killed Erica
 15548 | Lair:1   | Identified the +5 spear "Fish" {protect, Will+ Dex+2}
 15823 | Lair:2   | Noticed Fannar
 15840 | Lair:2   | Killed Fannar
 15887 | Lair:2   | Received a gift from Okawaru
 15923 | Lair:2   | Reached skill level 14 in Fighting
 15923 | Lair:2   | Gained mutation: Your large and strong wings let you fly.
                  | [Gargoyle growth]
 15923 | Lair:2   | Reached XP level 14. HP: 96/96 MP: 14/14
 15952 | Lair:2   | Noticed Maggie
 15965 | Lair:2   | Killed Maggie
 15969 | Lair:2   | Found a dark tunnel.
 15978 | Volcano  | Entered a volcano
 16269 | Lair:2   | Identified the +0 robe of the Gastropod {Str+3}
 16380 | Lair:2   | Reached skill level 15 in Fighting
 16455 | Lair:2   | Found a staircase to the Swamp.
 17322 | Lair:3   | Identified the +4 chain mail of Hefaikas {rN+ Str+5}
                  | (Okawaru gifted it to you on level 3 of the Lair of Beasts)
 17322 | Lair:3   | Received a gift from Okawaru
 17435 | Lair:3   | Found a hole to the Spider Nest.
 18430 | Lair:4   | Reached skill level 16 in Fighting
 18541 | Lair:4   | Reached XP level 15. HP: 104/104 MP: 15/15
 19082 | Lair:4   | Found a blossoming altar of Fedhas.
 19674 | Lair:5   | Entered Level 5 of the Lair of Beasts
 19682 | Lair:4   | Reached skill level 15 in Armour
 19699 | Lair:4   | Reached skill level 15 in Shields
 19921 | Lair:5   | Reached skill level 17 in Fighting
 19981 | Lair:5   | Found a staircase to the Slime Pits.
 20343 | Lair:5   | Identified the +3 kite shield "Atiolit" {Harm} (Okawaru
                  | gifted it to you on level 5 of the Lair of Beasts)
 20343 | Lair:5   | Received a gift from Okawaru
 20953 | Lair:5   | Reached skill level 18 in Fighting
 21197 | D:12     | Noticed Nergalle
 21207 | D:12     | Killed Nergalle
 21357 | D:12     | Reached XP level 16. HP: 114/114 MP: 16/16
 21386 | D:12     | Reached skill level 19 in Fighting
 21386 | D:12     | Reached XP level 17. HP: 123/123 MP: 17/17
 21387 | D:12     | Reached skill level 20 in Fighting
 21387 | D:12     | Reached XP level 18. HP: 131/131 MP: 18/18
 21504 | D:12     | Identified the +2 whip "Worm's Wrath" {chaos, Drain rC+
                  | rCorr Int+2}
 21844 | D:13     | Identified the +0 spear "Peisasab" {freeze, Will- Dex+9}
 23004 | D:14     | Received a gift from Okawaru
 23066 | D:14     | Found a gate to the Vaults.
 23280 | D:15     | Entered Level 15 of the Dungeon
 23517 | D:15     | Found a staircase to the Depths.
 23690 | D:15     | Reached skill level 15 in Maces & Flails
 24165 | Spider:1 | Entered Level 1 of the Spider Nest
 24433 | Spider:1 | Reached skill level 21 in Fighting
 26360 | Spider:2 | Identified the +3 ring mail of Gioxim {*Slow rF+ Str+6}
                  | (Okawaru gifted it to you on level 2 of the Spider Nest)
 26360 | Spider:2 | Received a gift from Okawaru
 26760 | Spider:3 | Reached XP level 19. HP: 131/137 MP: 19/19
 26994 | Spider:3 | Identified the staff of earth "Leunax" {rCorr Str-2 Dex+3
                  | Stlth+}
 27130 | Spider:4 | Entered Level 4 of the Spider Nest
 27763 | Spider:4 | Upgraded the game from 0.31-a0-150-g89dc3ad700 to
                  | 0.31-a0-161-gb58dd9be76
 28828 | Spider:4 | Received a gift from Okawaru
 29092 | Spider:4 | Received a gift from Okawaru
 29383 | Spider:4 | Got a gossamer rune of Zot
 29847 | Swamp:1  | Entered Level 1 of the Swamp
 30082 | Lair:2   | Reached skill level 22 in Fighting
 30577 | Swamp:2  | Noticed Aizul
 30770 | Swamp:1  | Killed Aizul
 31217 | Swamp:2  | Noticed Mlioglotl
 31233 | Swamp:1  | Killed Mlioglotl
 31425 | Swamp:3  | Identified the +4 scale mail of Wasted Space {rC- Regen+
                  | Int+4} (Okawaru gifted it to you on level 3 of the Swamp)
 31425 | Swamp:3  | Received a gift from Okawaru
 31931 | Swamp:3  | Reached XP level 20. HP: 145/145 MP: 20/20
 31969 | Swamp:3  | Noticed Bai Suzhen
 32480 | Swamp:4  | Entered Level 4 of the Swamp
 32963 | Swamp:4  | Killed Bai Suzhen
 33019 | Swamp:4  | Identified the +9 flail "Cesuot" {protect, +Blink rN+}
 33483 | Swamp:4  | Noticed a bone dragon
 33507 | Swamp:4  | Killed a bone dragon
 33594 | Swamp:4  | Got a decaying rune of Zot
 33959 | Elf:1    | Entered Level 1 of the Elven Halls
 34427 | Elf:1    | Paralysed by an air elemental for 1 turns
 34867 | Elf:1    | Identified the +5 long sword of Evil {antimagic, Fly Int+2
                  | Dex+5}
 35328 | Elf:1    | Found a runed translucent gate.
 35328 | Elf:1    | Found a runed translucent gate.
 35328 | Elf:1    | Found a runed translucent gate.
 35328 | Elf:1    | Found a runed translucent gate.
 35328 | Elf:1    | Found a runed translucent gate.
 35331 | Elf:1    | Received a gift from Okawaru
 35332 | Elf:1    | Found a runed translucent gate.
 35451 | Elf:1    | Received a gift from Okawaru
 35577 | Elf:2    | Found Peechy's Jewellery Shoppe.
 35577 | Elf:2    | Found Mizohur's Book Boutique.
 35631 | Elf:2    | Found Baurelef's Jewellery Shoppe.
 35817 | Orc:2    | Bought the +9 scales of the Dragon King {rPois rF+ rC+
                  | Will+} for 3120 gold pieces
 35817 | Orc:2    | Found the +9 scales of the Dragon King {rPois rF+ rC+
                  | Will+}
 35861 | Elf:2    | Found Ucij's Armour Shop.
 36208 | Elf:2    | Found a runed translucent door.
 36238 | Elf:2    | Found a runed translucent door.
 36368 | Elf:2    | Paralysed by an air elemental for 1 turns
 36380 | Elf:2    | Paralysed by an air elemental for 1 turns
 36557 | Elf:2    | Reached skill level 23 in Fighting
 36723 | Elf:2    | Reached XP level 21. HP: 143/153 MP: 21/21
 36791 | Elf:2    | Received a gift from Okawaru
 36995 | Elf:3    | Entered Level 3 of the Elven Halls
 37056 | Elf:3    | Noticed Louise
 37068 | Elf:3    | Killed Louise
 38961 | Elf:3    | Identified the +8 falchion of Hibemays {heavy, MP+9}
 39470 | Elf:3    | Noticed Zenata
 39510 | Elf:3    | Mangled by a +1 glaive of freezing

Illustrated notes

Levels and vault maps discovered:
D:1:      giann_wishing_wells, layout_basic, minmay_small_reverse_x
D:2:      layout_loops_ring
D:3:      layout_loops_ring, tso_altar,
          hellmonk_ecumenical_altar_pennies_from_heaven, kennysheep_crisscross,
          kennysheep_generic_room_8
D:4:      layout_cave_pods, minitemple, serial_shops, shop, minivault_14,
          nicolae_figureground_sparkle
D:5:      kb_forest_paths, layout_loops_corners, general_overflow_altar
D:6:      layout_loops_ring, minmay_temple_entry_poolview,
          chequers_serial_rivers_micro_b, chequers_serial_rivers_room_a
D:7:      nzn_winding_woodlands_cross [nzn_winding_woodlands_5x15_crooked,
          nzn_winding_woodlands_5x15_jagged, nzn_winding_woodlands_5x15_parted,
          nzn_winding_woodlands_5x15_twine,
          nzn_winding_woodlands_15x15_killbox], layout_gridville, bloody_trog,
          nicolae_wu_jian_immortal_techniques,
          lightli_ossuary_entry_decrepit_ruins
D:8:      layout_cave_pods, mainiacjoe_overflow_six_doors_small,
          mainiacjoe_overflow_brackets
D:9:      layout_rooms, nicolae_uskayaw_murder_on_the_dancefloor,
          mainiacjoe_overflow_chevrons, david_orc_1_choice, gammafunk_ghost_icy
D:10:     layout_irregular_city, lemuel_coloured_pillars_altar, serial_shops,
          shop, serial_park_tiny_2
D:11:     layout_big_octagon, hellmonk_lair_entry_icy, gauntlet_entry_generic
D:12:     layout_irregular_city, centaur_isle, uniq_nergalle
D:13:     layout_irregular_city
D:14:     layout_gridville, ximxim_vaults_locker_room, serial_ice, serial_ice_l,
          serial_ice_d, serial_ice_n, serial_ice_m,
          chequers_serial_rivers_room_a
D:15:     gammafunk_depths_entry_grave, layout_irregular_city,
          minmay_misc_feat_roman
Temple:   hellmonk_temple_of_storms
Lair:1:   layout_hall_layers, infiniplex_staircase_pool_2, uniq_erica
Lair:2:   layout_small_grid, palyth_hydra_swamp_entry,
          nicolae_volcano_entry_batcave, grunt_forest_large_clearings,
          lemuel_fruit_fields, uniq_fannar, uniq_maggie
Lair:3:   layout_loops_ring, spider_nest_entry_web_field,
          chequers_serial_rivers_micro_d, grunt_megastairs_2
Lair:4:   layout_layer_cave, hangedman_tree_tricks, pond, grunt_megastairs_3
Lair:5:   due_jungle_book, layout_regular_city, slime_entry_1,
          dreamdust_mushroom_princess
Swamp:1:  layout_basic_swamp, evilmike_swamp_ruin_house_2
Swamp:2:  layout_falls_marsh, evilmike_swamp_ruin_house_5, uniq_mlioglotl,
          uniq_aizul
Swamp:3:  layout_falls_marsh, infiniplex_staircase_pool, swamp_pool1,
          uniq_bai_suzhen
Swamp:4:  swamp_pestilence, layout_basic_swamp, swamp_pool1
Spider:1: layout_spider_delve, hangedman_spider_tarantella_strand
Spider:2: layout_spider_delve, drop_trap, hellmonk_spider_spawner
Spider:3: layout_spider_delve, hellmonk_test_site
Spider:4: spider_rune_water, nicolae_spider_swamp_cousins
Orc:1:    layout_diamond_mine, serial_shops, nicolae_orc_lava_tube
Orc:2:    grunt_orc_gardens, layout_caves, grunt_orc_garden, grunt_orc_garden,
          grunt_orc_garden, grunt_orc_garden, serial_shops, shop,
          bh_open_orc_temple
Elf:1:    nicolae_elf_arrival_fired_up, layout_onion_city, orc_legates
Elf:2:    nicolae_elf_blades_splatter_lattice
          [nicolae_blade_entry_splitting_headache], layout_geoelf_diagonals,
          serial_shops, shop, minmay_shop_grove
Elf:3:    elf_hall, layout_loops_cross, uniq_zenata, uniq_louise

Skill      XL: |  1  2  3  4  5  6  7  8  9 10 11 12 13 14 15 16 17 18 19 20 21 |
---------------+----------------------------------------------------------------+-----
Armour         | 4 5 7 8 9 11 12 13 14 15 17 18 19 | 19.7
Shields        | 4 5 6 8 9 11 12 13 14 15 17 18 19 | 19.8
Fighting       | 4 5 6 8 9 11 12 14 16 18 19 20 21 22 23 | 23.3
Maces & Flails | 3 4 5 7 8 9 11 12 13 14 15 16 17 18 | 18.2

Action                     |  1- 3 |  4- 6 |  7- 9 | 10-12 | 13-15 | 16-18 | 19-21 || total
---------------------------+-------+-------+-------+-------+-------+-------+-------++-------
  Melee: Flail             |   142 |   208 |    42 |       |       |       |       ||   392
         Demon whip        |       |       |   250 |   154 |       |       |       ||   404
         Morningstar       |       |       |       |   495 |  1008 |   557 |  1454 ||  3514
 Invoke: Heroism           |       |       |       |     1 |     6 |     1 |    19 ||    27
    Use: Scroll            |       |     1 |    11 |     6 |     7 |     6 |    13 ||    44
         Potion            |       |       |     1 |       |       |     2 |     5 ||     8
   Stab: Distracted        |       |       |       |       |       |       |     2 ||     2
 Armour: Scale mail        |    32 |       |       |       |       |       |       ||    32
         Chain mail        |    61 |   145 |    43 |       |   313 |   396 |   780 ||  1738
         Plate armour      |       |       |    52 |   338 |   417 |       |       ||   807
         Gold dragon scale |       |       |       |       |       |       |   225 ||   225
  Dodge: Dodged            |    77 |    86 |   124 |   195 |   308 |   190 |   405 ||  1385
         Repelled          |       |       |       |       |     5 |     2 |    18 ||    25
  Block: Buckler           |    37 |    49 |    68 |   229 |    58 |       |       ||   441
         Kite shield       |       |       |       |       |   229 |       |       ||   229
         Tower shield      |       |       |       |       |   557 |   559 |  1603 ||  2719

Table legend: (Time is in decaauts)
 A = Elapsed time spent in this place.
 B = Non-inter-level travel time spent in this place.
 C = Inter-level travel time spent in this place.
 D = Time resting spent in this place.
 E = Time spent auto-exploring this place.
 F = Levels seen in this place.
 G = Mean time per level.
                   A        B        C        D        E       F      G
               +--------+--------+--------+--------+--------+-----+--------+
         Total |  39128 |  36395 |   2733 |   7656 |  19013 |  37 | 1057.5 |
       Dungeon |  14180 |  12928 |   1252 |    725 |   9323 |  15 |  945.3 |
        Temple |     45 |     32 |     13 |      0 |     22 |   1 |   45.0 |
          Lair |   5938 |   5449 |    489 |    321 |   3765 |   5 | 1187.6 |
         Swamp |   3651 |   3399 |    252 |   1092 |   1153 |   4 |  912.8 |
   Spider Nest |   5263 |   4874 |    389 |   1236 |   2290 |   4 | 1315.8 |
  Orcish Mines |   3522 |   3324 |    198 |   1546 |    975 |   2 | 1761.0 |
   Elven Halls |   5112 |   4974 |    138 |   2150 |   1356 |   3 | 1704.0 |
       Ossuary |    293 |    293 |      0 |     91 |      0 |   1 |  293.0 |
       Volcano |    269 |    269 |      0 |      8 |      0 |   1 |  269.0 |
      Gauntlet |    850 |    850 |      0 |    487 |    129 |   1 |  850.0 |
               +--------+--------+--------+--------+--------+-----+--------+

Top non-repeatable levels by time:
   Elf:3: 2469 daAuts
Spider:4: 2094 daAuts
   Orc:2: 1813 daAuts
   Orc:1: 1708 daAuts
Spider:1: 1666 daAuts
  Lair:4: 1574 daAuts
  Lair:2: 1382 daAuts
   Elf:1: 1377 daAuts
     D:9: 1303 daAuts
   Elf:2: 1266 daAuts
     D:5: 1259 daAuts
  Lair:5: 1245 daAuts
  Lair:3: 1189 daAuts
     D:7: 1168 daAuts
     D:4: 1148 daAuts
